 Dungeon Crawl Stone Soup version 0.19-a0-1007-g133f65f (webtiles) character file.

45 oplop the Insei (level 3, -3/23 HPs)
             Began as an Octopode Transmuter on July 21, 2016.
             Slain by an adder (4 damage)
             ... on level 2 of the Dungeon.
             The game lasted 00:03:00 (1657 turns).

oplop the Insei (Octopode Transmuter)               Turns: 1657, Time: 00:03:00

Health: -3/23      AC:  1    Str:  7 (9)  XL:     3   Next: 64%
Magic:  7/7        EV: 12    Int: 13 (16) God:
Gold:   73         SH:  0    Dex:  9 (12) Spells: 3 memorised, 1 level left

rFire  . . .     SeeInvis .       - Unarmed
rCold  . . .     Gourm    .     (no shield)
rNeg   . . .     Faith    .     (helmet restricted)
rPois  .         Spirit   .     (no amulet)
rElec  .         Dismiss  .     i - ring of resist corrosion
rCorr  +         Reflect  .     (no ring)
SustAt .         Harm     .     (no ring)
MR     .....                    (no ring)
Stlth  ++........               (no ring)
                                (no ring)
                                (no ring)
                                (no ring)

@: lethally poisoned (-3 -> -9), not resistant to hostile enchantments,
unstealthy
A: almost no armour, amphibious, 8 rings, constrict 8, camouflage 1, gelatinous
body 1
a: no special abilities


You were on level 2 of the Dungeon.
You were hungry.

You visited 1 branch of the dungeon, and saw 2 of its levels.

You collected 73 gold pieces.

Inventory:

Missiles
 a - 44 arrows
Jewellery
 i - a ring of resist corrosion (left tentacle)
Scrolls
 d - 2 scrolls of enchant weapon {unknown}
 f - a scroll of teleportation {unknown}
 g - a scroll of blinking {unknown}
 h - a scroll of enchant armour {unknown}
 j - a scroll of identify {unknown}
Books
 b - a book of Changes

   Spells                             Type                      Level
   a - Beastly Appendage              Transmutation                1
   b - Sticks to Snakes               Transmutation                2
   c - Spider Form                    Transmutation/Poison         3
   d - Ice Form                       Ice/Transmutation            4
   e - Blade Hands                    Transmutation                5
Comestibles
 c - a bread ration


   Skills:
 - Level 1.0 Fighting
 - Level 2.0 Dodging
 - Level 3.0 Unarmed Combat
 + Level 2.9 Spellcasting
 + Level 3.0 Transmutations


You had one spell level left.
You knew the following spells:

 Your Spells              Type           Power        Failure   Level  Hunger
a - Beastly Appendage     Tmut           #.....       10%         1    #......
b - Sticks to Snakes      Tmut           #.......     12%         2    ###....
c - Spider Form           Tmut/Pois      #.........   38%         3    ###....


Dungeon Overview and Level Annotations

Branches:
Dungeon (2/15)

Altars:


Innate Abilities, Weirdness & Mutations

You cannot wear most types of armour.
You are amphibious.
You can wear up to eight rings at the same time.
You can use your tentacles to constrict eight enemies at once.
Your skin changes colour to match your surroundings (Stealth+).
Your rubbery body absorbs attacks. (AC +1)


Message History

The adder poisons you!
You tentacle-slap the adder. Your grab misses the adder.
The adder is heavily wounded.
You feel sick. The adder bites you.
It was a potion of degeneration.
There was something very wrong with that liquid.
You feel weakened.
You feel dopey.
You feel clumsy. The adder barely misses you. The adder bites you.
* * * LOW HITPOINT WARNING * * *
You are more poisoned.
The adder poisons you!
You barely miss the adder. Your grab misses the adder.
The adder is heavily wounded.
* * * LOW HITPOINT WARNING * * *
You feel sick. The adder bites you.
* * * LOW HITPOINT WARNING * * *
You tentacle-slap the adder. Your grab misses the adder.
The adder is severely wounded.
The adder bites you.
You die...

#.......... ##
#.....##.........
#.##.###...#
#.#...##.........
#. #. ..##
##.#..............
. .. ..#
#..#...#..........
#.####............
#.#....#######.###
#.#####...#### ...
.........#### #.
.....#@....#
......S.....?#
..............#
................
................
............(...
................
.............##


You could see an adder.

Vanquished Creatures
  A worm (D:2)
  3 dart slugs (D:1)
  2 giant geckos
  A giant cockroach (D:1)
  4 goblins
  4 hobgoblins
  5 bats
  2 giant newts
  9 kobolds
  4 rats
35 creatures vanquished.

Notes
Turn   | Place    | Note
-------+----------+-------------------------------------------
     0 | D:1      | oplop the Octopode Transmuter began the quest for the Orb.
     0 | D:1      | Reached XP level 1. HP: 13/13 MP: 3/3
   102 | D:1      | Reached XP level 2. HP: 13/18 MP: 3/5
   887 | D:1      | Reached XP level 3. HP: 23/23 MP: 5/7
  1233 | D:2      | Learned a level 2 spell: Sticks to Snakes
  1237 | D:2      | Learned a level 3 spell: Spider Form
  1656 | D:2      | HP: 1/23 [adder (1)]
  1657 | D:2      | Slain by an adder

Vault maps used:
D:1:      wheals_arrival_shading, serial_co_window_serial, co_window_paths_b,
          co_window_paths_a, co_window_paths_b, co_window_of_opportunity_a,
          co_window_paths_a, co_window_corner_a, co_window_paths_c,
          co_window_broadway_b, co_window_cross_3, co_window_broadway_a,
          co_window_of_opportunity_b, co_window_4corner_b, glass_columns_c,
          glass_columns_a, glass_columns_b
D:2:      nicolae_overflow_crystal_walls

Skill      XL: |  1  2  3 |
---------------+----------+-----
Transmutations | 3 |  3.0
Fighting       | |  1.0
Dodging        | |  2.0
Unarmed Combat | |  3.0
Spellcasting   | |  2.9

Action                   || total
-------------------------++-------
Melee: Unarmed           ||    82
       Constrict         ||    21
       Tentacles         ||     9
       Kick              ||     6
       Punch             ||     4
 Cast: Beastly Appendage ||    15
       Spider Form       ||     1
  Use: Potion            ||     1
 Stab: Sleeping          ||     4
  Eat: Chunk             ||     2
Armor: Skin              ||     9
Dodge: Dodged            ||    44
